 Dungeon Crawl Stone Soup version 0.30-a0-585-g93115170b9 (webtiles) character file.

Game seed: 3969083083284737918

141 cforsyth the Trooper (level 5, -4/48 HPs)
             Began as a Ghoul Monk on Jan 1, 2023.
             Slain by Terence
             ... wielding a +2 falchion of holy wrath
              (10 damage)
             ... on level 3 of the Dungeon.
             The game lasted 00:02:24 (1796 turns).

cforsyth the Trooper (Ghoul Monk)                   Turns: 1796, Time: 00:02:25

Health: -4/48      AC:  6    Str: 17    XL:     5   Next: 24%
Magic:  4/4        EV: 12    Int:  5    God:
Gold:   154        SH:  0    Dex: 11    Spells: 4/4 levels left

rFire   . . .      SeeInvis .      - Unarmed
rCold   + . .      Faith    .    (no shield)
rNeg    + + +      Spirit   .    i - +3 leather armour
rPois   ∞          Reflect  .    (no helmet)
rElec   .          Harm     .    (no cloak)
rCorr   .          Rampage  .    (no gloves)
Will    .....                    (no boots)
Stlth   ++                       (no amulet)
HPRegen 0.00/turn                (no ring)
MPRegen 0.09/turn                (no ring)

@: inhibited regen
A: claws 1, cold resistance 1, negative energy resistance 3, inhibited
regeneration, torment resistance 2, devour on kill
a: no special abilities


You were on level 3 of the Dungeon.
You visited 1 branch of the dungeon, and saw 3 of its levels.

You collected 154 gold pieces.

Inventory:

Armour
 i - a +3 leather armour (worn)
Jewellery
 g - an amulet of regeneration
Scrolls
 a - a scroll of torment {unknown}
 c - 5 scrolls of identify {unknown}
 d - 3 scrolls of noise {unknown}
 f - 2 scrolls of vulnerability {unknown}
 h - a scroll of fear {unknown}
 j - 2 scrolls of teleportation {unknown}
Potions
 b - a potion of ambrosia
 e - 2 potions of berserk rage {unknown}
 k - a potion of brilliance {unknown}
 l - 3 potions of curing {unknown}


   Skills:
 + Level 5.0 Fighting
 + Level 0.6 Armour
 - Level 2.6 Dodging
 - Level 2.1 Stealth
 + Level 4.9 Unarmed Combat


You had 4 spell levels left.
You didn't know any spells.
Your spell library was empty.

Dungeon Overview and Level Annotations

Branches:
Dungeon (3/15)

Altars:
Xom

Annotations:
D:3 Terence


Innate Abilities, Weirdness & Mutations

You are immune to poison.
You have sharp fingernails.
Your flesh is cold resistant. (rC+)
You are immune to negative energy. (rN+++)
You do not regenerate when monsters are visible.
You are immune to unholy pain and torment.
You thrive by killing the living.


Message History

Terence is nearby!
Terence is nearby!
Terence is nearby!
You scratch Terence.
Terence is lightly wounded.
Terence hits you with a +2 falchion of holy wrath.
You convulse.
You scratch Terence but do no damage.
Terence is lightly wounded.
Terence barely misses you.
You claw Terence!
Terence is heavily wounded.
Terence hits you with a +2 falchion of holy wrath.
You convulse.
You scratch Terence but do no damage.
Terence is heavily wounded.
Terence barely misses you.
You scratch Terence.
Terence is severely wounded.
Terence hits you with a +2 falchion of holy wrath!
You convulse!
* * * LOW HITPOINT WARNING * * *
You are too injured to fight recklessly!
You are too injured to fight recklessly!
You are too injured to fight recklessly!
You are too injured to fight recklessly!
You are too injured to fight recklessly!
You are too injured to fight recklessly!
You are too injured to fight recklessly!
You are too injured to fight recklessly!
You are too injured to fight recklessly!
You scratch Terence but do no damage.
Terence is severely wounded.
Terence closely misses you.
You scratch Terence.
Terence is severely wounded.
Terence hits you with a +2 falchion of holy wrath!
* * * LOW HITPOINT WARNING * * *
You convulse!
You die...

#.............#
#.##.#.#......).
#####.....#####
8.8#.##.#.....))
##...#########.##.
##.#.....8
##.###.....# .##.
##.#..... #.#
#.##### .8#.
##.#.... #.# #.#
####.##. ###.#...
#.# #<###....##.
..#.###
#.###.......#
###.#...
#.........@@#
##.#....
#########.......#
##.#.....
##.########.#......
#.# #.#....... #.#
#.#.......# #.#
.#.......#. #.#
#.....†..## #.#
#..........
#####.###.#


You could see Terence.

Vanquished Creatures
  An iguana (D:3)
  An orc wizard (D:3)
  3 adders (D:2)
  A worm (D:2)
  3 orcs (D:3)
  5 endoplasms
  3 giant cockroaches
  4 goblins
  6 hobgoblins
  7 jackals (D:1)
  3 quokkas
  6 ball pythons
  2 bats (D:1)
  3 frilled lizards
  6 rats
54 creatures vanquished.

Notes
Turn   | Place    | Note
-------+----------+-------------------------------------------
     0 | D:1      | cforsyth the Ghoul Monk began the quest for the Orb.
     0 | D:1      | Reached XP level 1. HP: 19/19 MP: 0/0
    70 | D:1      | Reached XP level 2. HP: 26/26 MP: 1/1
   334 | D:1      | Reached XP level 3. HP: 23/33 MP: 2/2
   395 | D:1      | Reached skill level 4 in Fighting
  1019 | D:2      | Reached XP level 4. HP: 33/41 MP: 3/3
  1562 | D:3      | Found a shimmering altar of Xom.
  1626 | D:3      | Reached XP level 5. HP: 29/47 MP: 4/4
  1755 | D:3      | Reached skill level 5 in Fighting
  1786 | D:3      | Noticed Terence
  1796 | D:3      | Slain by Terence

Illustrated notes

Levels and vault maps discovered:
D:1:      spicycebolla_arrival_risky_transporter, layout_rooms,
          minmay_nonomino_d4
D:2:      cheibrodos_helix_gallery, layout_rooms, dreamdust_princess_corridor,
          minmay_misc_feat_tower, st_stairs_4, grunt_ministairs_15,
          chequers_serial_rivers_micro_a, minmay_large_rounded_square
D:3:      wad_pebble_path, layout_loops_ring,
          mainiacjoe_overflow_surrounded_room, lemuel_round_altar,
          minmay_misc_feat_iff, corexii_item_surrounded_by_moat,
          amcnicky_mini_corridor_feature, minmay_misc_feat_doors, uniq_terence

Skill      XL: |  1  2  3  4  5 |
---------------+----------------+-----
Fighting       | 4 5 |  5.0
Unarmed Combat | 4 |  4.9
Armour         | |  0.6
Dodging        | |  2.6
Stealth        | |  2.1

Action                   |  1- 3 |  4- 6 || total
-------------------------+-------+-------++-------
Melee: Unarmed           |   118 |    71 ||   189
       Punch             |     1 |     1 ||     2
 Stab: Sleeping          |     3 |       ||     3
Armor: Robe              |     9 |       ||     9
       Leather armour    |    25 |    14 ||    39
Dodge: Dodged            |   105 |    36 ||   141

Table legend: (Time is in decaauts)
 A = Elapsed time spent in this place.
 B = Non-inter-level travel time spent in this place.
 C = Inter-level travel time spent in this place.
 D = Time resting spent in this place.
 E = Time spent auto-exploring this place.
 F = Levels seen in this place.
 G = Mean time per level.
                   A        B        C        D        E       F      G
               +--------+--------+--------+--------+--------+-----+--------+
         Total |   1783 |   1738 |     45 |     25 |   1316 |   3 |  594.3 |
       Dungeon |   1783 |   1738 |     45 |     25 |   1316 |   3 |  594.3 |
               +--------+--------+--------+--------+--------+-----+--------+

Top non-repeatable levels by time:
     D:2: 704 daAuts
     D:1: 678 daAuts
     D:3: 400 daAuts
